 Dungeon Crawl Stone Soup version 0.30-a0-457-g4b7bca3bfa (webtiles) character file.

Game seed: 9426851704146860072

88 arthad the Insei (level 4, 0/29 HPs)
             Began as an Octopode Transmuter on Dec 13, 2022.
             Slain by an orc wizard
             ... wielding a +2 dagger of protection
              (3 damage)
             ... on level 3 of the Dungeon.
             The game lasted 00:06:12 (2189 turns).

arthad the Insei (Octopode Transmuter)              Turns: 2189, Time: 00:06:13

Health: 0/29       AC:  1    Str:  9    XL:     4   Next: 54%
Magic:  5/7        EV: 13    Int: 17    God:
Gold:   105        SH:  0    Dex: 12    Spells: 4/8 levels left

rFire   . . .      SeeInvis .    o - +1 sling (freeze)
rCold   . . .      Faith    .    (no shield)
rNeg    . . .      Spirit   .    (helmet currently unavailable)
rPois   .          Reflect  +    p - amulet of reflection
rElec   .          Harm     .    g - ring of flight
rCorr   .          Rampage  .    (no ring)
Will    .....                    (no ring)
Stlth   ++........               (no ring)
HPRegen 0.24/turn                (no ring)
MPRegen 0.10/turn                (no ring)
                                 (no ring)
                                 (no ring)

@: confused, appendages, wereblooded, flying
A: tentacle spike 3, almost no armour, amphibious, 8 rings, camouflage 1,
gelatinous body 1, (nimble swimmer 1), tentacles
a: End Transformation


You were on level 3 of the Dungeon.
One of your tentacles had grown a beastly spike.
You visited 1 branch of the dungeon, and saw 3 of its levels.

You collected 105 gold pieces.

Inventory:

Hand Weapons
 b - a +2 dagger of speed
 i - a +1 shortbow of draining
 o - a +1 sling of freezing (weapon)
Missiles
 k - 4 curare-tipped darts
 m - 4 poisoned darts
Jewellery
 g - a ring of flight (left tentacle)
 p - an amulet of reflection (around mantle)
Scrolls
 j - a scroll of blinking
Potions
 a - a potion of lignification
 c - a potion of cancellation
 e - 2 potions of haste


   Skills:
 * Level 1.8 Fighting
 * Level 2.5 Dodging
 + Level 1.3 Stealth
 * Level 3.4 Unarmed Combat
 * Level 2.5 Spellcasting
 * Level 2.6 Transmutations
 * Level 0.8 Poison Magic


You had 4 spell levels left.
You knew the following spells:

 Your Spells              Type           Power      Damage    Failure   Level
a - Beastly Appendage     Tmut           22%        N/A       6%          1
b - Wereblood             Tmut           11%        N/A       10%         2
c - Sting                 Tmut/Pois      32%        1d4       9%          1

Your spell library contained the following spells:

 Spells                   Type           Power      Damage    Failure   Level
 Poisonous Vapours        Pois/Air       6%         N/A       24%         2
 Spider Form              Tmut/Pois      8%         N/A       26%         3
 Ice Form                 Ice/Tmut       6%         N/A       71%         4
 Olgreb's Toxic Radiance  Pois           5%         N/A       77%         4
 Ozocubu's Refrigeration  Ice            1%         4d7       100%        7
 Ignition                 Fire           1%         3d3       100%        8


Dungeon Overview and Level Annotations

Branches:
Dungeon (3/15)

Altars:


Innate Abilities, Weirdness & Mutations

One of your tentacles has grown a beastly spike.
You cannot wear most types of armour.
You are amphibious.
You can wear up to eight rings at the same time.
Your skin changes colour to match your surroundings (Stealth+).
Your rubbery body absorbs attacks. (AC +1, EV +1)
((You are camouflaged when in or above water. (Stealth+)))
You have tentacles for arms and can constrict up to eight enemies at once.


Message History

Sorry, you're not good enough to have a special ability.
Unknown command.
Casting: Beastly Appendage (safe; 6% risk of failure)
Confirm with . or Enter, or press ? or * to list all spells.
One of your tentacles grows a vicious spike.
The orc closely misses you.
Casting: Beastly Appendage (safe; 6% risk of failure)
Confirm with . or Enter, or press ? or * to list all spells.
Your blood is infused with primal strength.
The orc misses you.
You shoot a sling bullet. The sling bullet barely misses the orc.
The sling bullet hits the orc wizard but does no damage.
The orc wizard is moderately wounded.
You block the orc's attack. x2
You shoot a sling bullet. The sling bullet hits the orc!
The sling bullet freezes the orc.
You feel a bit better.
You kill the orc!
You shoot a sling bullet.
The sling bullet hits the orc wizard but does no damage.
The orc wizard is moderately wounded.
The orc wizard casts a spell at you. You resist with some effort.
The orc wizard gestures at you while chanting.
You are confused.
You bump into the rock wall.
The orc wizard casts a spell at you. The puff of flame hits you!
You're too confused to move!
The orc wizard casts a spell at you. The puff of flame hits you.
* * * LOW HITPOINT WARNING * * *
It was a potion of flight.
You feel more buoyant. The orc wizard casts a spell at you.
The puff of flame hits you.
* * * LOW HITPOINT WARNING * * *
You closely miss the orc wizard.
The orc wizard is moderately wounded.
The orc wizard hits you with a +2 dagger of protection.
You die...

..# ... .. o. ###o ...
#.############
#.goooo@.....#
##################.###
#....##....# #.#
#....##.##.##### #.#
#....##.##.....# #.#
#...)'..######.# #.#
#....#### #.# #.#
+....+ #.###.# #....#
#.....#


You could see an orc priest, an orc wizard, 2 orcs and a goblin.

Vanquished Creatures
  A gnoll (D:1)
  2 adders (D:2)
  2 dart slugs (D:1)
  An orc (D:3)
  6 ball pythons
  4 endoplasms
  3 giant cockroaches
  7 goblins
  7 hobgoblins
  A kobold (D:2)
  3 quokkas
  4 bats
  A frilled lizard (D:1)
  7 rats
49 creatures vanquished.

Notes
Turn   | Place    | Note
-------+----------+-------------------------------------------
     0 | D:1      | arthad the Octopode Transmuter began the quest for the Orb.
     0 | D:1      | Reached XP level 1. HP: 13/13 MP: 3/3
   217 | D:1      | Reached XP level 2. HP: 18/18 MP: 3/5
   755 | D:1      | Reached XP level 3. HP: 23/23 MP: 6/6
   758 | D:1      | Learned a level 2 spell: Wereblood
   760 | D:1      | Learned a level 1 spell: Sting
  1387 | D:2      | Reached skill level 1 in Stealth
  1475 | D:2      | Reached XP level 4. HP: 21/28 MP: 7/7
  2189 | D:3      | Slain by an orc wizard

Illustrated notes

Levels and vault maps discovered:
D:1:      nicolae_arrival_memento_mori, layout_loops_corners
D:2:      layout_loops_ring, minmay_puff
D:3:      layout_basic, shapermc_ecumenical_altar_ellora, portal_sewer_entry_f,
          serial_shops, nicolae_shop_behind_doors

Skill      XL: |  1  2  3 |
---------------+----------+-----
Stealth        | 1 |  1.3
Fighting       | |  1.8
Dodging        | |  2.5
Unarmed Combat | |  3.4
Spellcasting   | |  2.5
Transmutations | |  2.6
Poison Magic   | |  0.8

Action                   |  1- 3 |  4- 6 || total
-------------------------+-------+-------++-------
Melee: Unarmed           |    53 |     6 ||    59
       Constrict         |    13 |     1 ||    14
       Tentacles         |    10 |     1 ||    11
       Kick              |     6 |       ||     6
       Sling             |       |     1 ||     1
 Fire: Shortbow          |    53 |       ||    53
       Sling             |       |    32 ||    32
 Cast: Beastly Appendage |     7 |     2 ||     9
       Wereblood         |     1 |     1 ||     2
  Use: Potion            |     3 |     1 ||     4
       Scroll            |       |     6 ||     6
 Stab: Sleeping          |     2 |       ||     2
Armor: Skin              |     7 |     1 ||     8
Dodge: Dodged            |    48 |    20 ||    68
Block: Other             |       |     2 ||     2

Table legend: (Time is in decaauts)
 A = Elapsed time spent in this place.
 B = Non-inter-level travel time spent in this place.
 C = Inter-level travel time spent in this place.
 D = Time resting spent in this place.
 E = Time spent auto-exploring this place.
 F = Levels seen in this place.
 G = Mean time per level.
                   A        B        C        D        E       F      G
               +--------+--------+--------+--------+--------+-----+--------+
         Total |   2204 |   2122 |     82 |    125 |   1542 |   3 |  734.7 |
       Dungeon |   2204 |   2122 |     82 |    125 |   1542 |   3 |  734.7 |
               +--------+--------+--------+--------+--------+-----+--------+

Top non-repeatable levels by time:
     D:1: 1131 daAuts
     D:2: 1000 daAuts
     D:3: 71 daAuts
